 Dungeon Crawl Stone Soup version 0.19.5 (webtiles) character file.

128 McKennaii the Firebug (level 4, -5/24 HPs)
             Began as a Deep Elf Fire Elementalist on May 10, 2017.
             Slain by Natasha (6 damage)
             ... on level 2 of the Dungeon.
             The game lasted 00:04:54 (1225 turns).

McKennaii the Firebug (Deep Elf Fire Elementalist)  Turns: 1225, Time: 00:04:54

Health: -5/24      AC:  2    Str:  5    XL:     4   Next: 87%
Magic:  12/12      EV: 13    Int: 21    God:
Gold:   35         SH:  0    Dex: 15    Spells: 4 memorised, 4 levels left

rFire  . . .     SeeInvis .     (no weapon)
rCold  . . .     Gourm    .     a - +0 robe
rNeg   . . .     Faith    .     (no shield)
rPois  .         Spirit   .     (no helmet)
rElec  .         Reflect  .     (no cloak)
rCorr  .         Harm     .     (no gloves)
MR     .....                    (no boots)
Stlth  ++........               (no amulet)
                                (no ring)
                                (no ring)

@: slowed, very slow
A: no striking features
a: no special abilities


You were on level 2 of the Dungeon.
You were not hungry.

You visited 1 branch of the dungeon, and saw 2 of its levels.

You collected 35 gold pieces.

Inventory:

Armour
 a - a +0 robe (worn)
Wands
 k - a wand of digging (7/24)
Scrolls
 e - a scroll of recharging {unknown}
 h - a scroll of teleportation {unknown}
 j - a scroll of identify {unknown}
 l - a scroll of fog {unknown}
Potions
 d - a potion of degeneration {unknown}
 f - a potion of curing {unknown}
 i - a potion of magic {unknown}
 q - a potion of heal wounds {unknown}
Books
 b - a book of Flames

   Spells                             Type                      Level
   a - Flame Tongue                   Conjuration/Fire             1
   b - Throw Flame                    Conjuration/Fire             2
   c - Conjure Flame                  Conjuration/Fire             3
   d - Inner Flame                    Hexes/Fire                   3
   e - Sticky Flame                   Conjuration/Fire             4
   f - Fireball                       Conjuration/Fire             5
 m - a book of Minor Magic

   Spells                             Type                      Level
   a - Magic Dart                     Conjuration                  1
   b - Blink                          Translocation                2
   c - Call Imp                       Summoning                    2
   d - Repel Missiles                 Charms/Air                   2
   e - Slow                           Hexes                        2
   f - Conjure Flame                  Conjuration/Fire             3
   g - Mephitic Cloud                 Conjuration/Poison/Air       3
Comestibles
 c - 2 bread rations
 g - a royal jelly
 n - a meat ration
 o - 2 fruits
 p - 2 chunks of flesh


   Skills:
 + Level 2.8 Dodging
 + Level 2.7 Stealth
 + Level 4.0 Spellcasting
 + Level 3.1 Conjurations
 + Level 4.4 Fire Magic


You had 4 spell levels left.
You knew the following spells:

 Your Spells              Type           Power        Failure   Level  Hunger
a - Flame Tongue          Conj/Fire      ###..        2%          1    None
b - Throw Flame           Conj/Fire      ###...       4%          2    #......
c - Conjure Flame         Conj/Fire      ###.....     10%         3    ###....
d - Magic Dart            Conj           ###.         3%          1    None


Dungeon Overview and Level Annotations

Branches:
Dungeon (2/15)

Altars:

Annotations:
D:2 Natasha


Message History

You see here the felid corpse of Natasha.
You butcher the felid corpse of Natasha.
p - 3 chunks of flesh (gained 2)
You start resting.
Eating one of 3 chunks of flesh.
You start eating one of the 3 chunks of flesh.
This raw flesh tastes terrible.
Your magical contamination has completely faded away.
You start resting.
Magic restored.
Natasha, Servant of Life and Death comes into view.
Natasha closely misses you. Natasha casts a spell at you.
You feel yourself slow down. Natasha claws you.
* * * LOW HITPOINT WARNING * * *
Natasha claws you.
* * * LOW HITPOINT WARNING * * *
Natasha misses you. Natasha claws you but does no damage. Natasha claws you.
You die...

..####....### ##............##
.......##...## ##.....>.>..#..
..#######....# ###............
#............######..............
#...................##...........
#.########...#..#######..........
....### #####......(............
#.#...#####....#..#####..........
#..##....#..###.@h.##
##.....รท...
##.###..........##..## ##.....#..
..............#####..######.#####
##.###.######....###.....##..####
...###.######.>..# #####........#
##...............# ##.......#
...#[.########...# #.......#
.....## #...# ######### ....##
#...#


You could see Natasha.

Vanquished Creatures
  Ijyb (D:2)
  Natasha (twice) (D:2)
  An adder (D:2)
  2 dart slugs
  5 leopard geckos
  2 giant cockroaches
  3 goblins (D:1)
  4 hobgoblins
  2 jackals (D:1)
  7 kobolds
  A ball python (D:2)
  3 bats
  A frilled lizard (D:1)
  5 rats
39 creatures vanquished.

Notes
Turn   | Place    | Note
-------+----------+-------------------------------------------
     0 | D:1      | McKennaii the Deep Elf Fire Elementalist began the quest for the Orb.
     0 | D:1      | Reached XP level 1. HP: 10/10 MP: 6/6
   157 | D:1      | Reached XP level 2. HP: 15/15 MP: 1/8
   594 | D:2      | Learned a level 2 spell: Throw Flame
   594 | D:2      | Noticed Ijyb
   626 | D:2      | Killed Ijyb
   626 | D:2      | Reached XP level 3. HP: 3/19 MP: 0/10
   814 | D:2      | Noticed Natasha
   819 | D:2      | Killed Natasha
   819 | D:2      | Reached XP level 4. HP: 18/24 MP: 6/11
   828 | D:2      | Learned a level 3 spell: Conjure Flame
   830 | D:2      | Learned a level 1 spell: Magic Dart
  1135 | D:2      | Noticed Natasha
  1141 | D:2      | Killed Natasha
  1216 | D:2      | Noticed Natasha
  1223 | D:2      | HP: 1/24 [Natasha (6)]
  1225 | D:2      | Slain by Natasha

Skill      XL: |  1  2  3  4 |
---------------+-------------+-----
Fire Magic     | 4 |  4.4
Conjurations   | 2 3 |  3.1
Spellcasting   | 4 |  4.0
Dodging        | |  2.8
Stealth        | |  2.7

Action                   |  1- 3 |  4- 6 || total
-------------------------+-------+-------++-------
Melee: Unarmed           |     4 |     2 ||     6
 Cast: Flame Tongue      |    54 |    24 ||    78
       Magic Dart        |       |     2 ||     2
  Eat: Chunk             |       |     1 ||     1
Armor: Robe              |     1 |     3 ||     4
Dodge: Dodged            |    25 |    13 ||    38
